AoeStats
← ITA | Raffy

MegaRandom

504756971Analyzed
3v3 RM · 26d ago on Sep 6, 2026· 43m 25s· 6 players
Game mode
Random Map
Map size
Normal (6 player)
Population
200
Speed
Normal
Resources
Standard
Victory
Conquest
Starting age
Dark Age
Ending age
Imperial Age
RankedLock teamsTeams togetherTeam positionsShared explorationLock speedFull tech treeHidden civsTurbo modeCheats
Victory
Defeat
🇱🇻 Koreans · Latvia
1433
+14
🇨🇳 Berbers · China
1433
+14
🇺🇸 Khitans · United States
1410
+15
🇮🇹 Italians · Italy
1486
-18
1398
-15
🇮🇹 Wei · Italy
1290
-10
The R286
7:57 Loom
10:16 Feudal Age
11:01 Double-Bit Axe
17:35 Fletching
28:46 Castle Age
29:37 Padded Archer Armor
29:35 Bodkin Arrow
29:40 Padded Archer Armor
29:24 Elite Skirmisher
32:22 Leather Archer Armor
39:57 Heavy Cavalry Archer
41:59 Thumb Ring
42:03 Domestication
두도스
9:33 Loom
11:50 Feudal Age
15:50 Castle Age
13:58 Double-Bit Axe
16:02 Gold Mining
25:59 Fishing Lines
26:50 Gillnets
27:42 Bow Saw
29:53 Wheelbarrow
33:47 Imperial Age
31:20 Scale Mail Armor
31:30 Forging
32:25 Chain Mail Armor
32:36 Gambesons
32:52 Squires
32:37 Arson
33:51 Hand Cart
34:21 Iron Casting
35:01 Plate Mail Armor
34:57 Conscription
34:02 Elite Fire Lancer
35:38 Capped Ram
36:42 Horse Collar
37:39 Gold Shaft Mining
37:52 Guilds
38:46 Coinage
39:08 Ballistics
39:48 Chemistry
39:23 Siege Engineers
40:04 Shinkichon
39:51 Heavy Rocket Cart
41:58 Banking
43:51 Two-Man Saw
42:51 Elite Cannon Galleon
76561199114178359
9:44 Loom
11:44 Feudal Age
15:57 Castle Age
14:40 Double-Bit Axe
16:12 Fletching
19:50 Ballistics
20:11 Bodkin Arrow
24:45 Padded Archer Armor
27:03 Husbandry
28:12 Bloodlines
32:29 Scale Barding Armor
33:37 Forging
36:15 Wheelbarrow
36:22 Chain Barding Armor
38:47 Imperial Age
36:21 Gold Mining
37:30 Iron Casting
38:33 Horse Collar
39:11 Hand Cart
38:54 Heavy Camel Rider
39:37 Bracer
40:40 Chemistry
40:12 Conscription
40:05 Maghrebi Camels
40:41 Bow Saw
41:11 Light Cavalry
42:27 Siege Engineers
43:34 Thumb Ring
42:52 Elite Genitour
ITA | CivettaAviotrasportata
6:50 Loom
9:17 Feudal Age
9:55 Double-Bit Axe
16:54 Wheelbarrow
20:46 Castle Age
19:31 Scale Barding Armor
24:04 Forging
31:40 Town Watch
32:11 Hand Cart
34:17 Fletching
34:48 Bloodlines
36:04 Padded Archer Armor
36:44 Thumb Ring
37:54 Bow Saw
38:23 Bodkin Arrow
39:06 Ballistics
41:03 Husbandry
41:38 Chain Barding Armor
42:51 Leather Archer Armor
42:51 Masonry
46:11 Imperial Age
Monesi28
6:41 Loom
9:21 Feudal Age
20:51 Fletching
25:03 Castle Age
23:49 Padded Archer Armor
23:48 Double-Bit Axe
23:44 Horse Collar
25:21 Gold Mining
25:08 Crossbowman
26:21 Bodkin Arrow
28:31 Town Watch
30:14 Wheelbarrow
36:35 Bow Saw
41:08 Imperial Age
43:22 Imperial Age
40:34 Elite Skirmisher
45:07 Imperial Age
ITA | Raffy
6:42 Loom
9:26 Feudal Age
10:07 Double-Bit Axe
11:54 Horse Collar
15:32 Wheelbarrow
15:00 Gold Mining
15:00 Stone Mining
15:20 Stone Mining
20:45 Castle Age
22:01 Bow Saw
21:54 Heavy Plow
23:04 Stone Shaft Mining
23:06 Gold Shaft Mining
22:44 Scale Barding Armor
25:40 Bloodlines
25:31 Husbandry
26:06 Husbandry
27:34 Chain Barding Armor
27:27 Town Watch
33:45 Hand Cart
34:42 Forging
39:28 Imperial Age
38:34 Iron Casting
39:54 Tuntian
40:42 Elite Tiger Cavalry
42:49 Blast Furnace
42:32 Ming Guang Armor
Connection lost

Rejoining the realm…

Still unreachable

The connection could not be restored.

Session expired

The server has moved on; the page needs a fresh start.